 Dungeon Crawl Stone Soup version 0.29.1-13-g9f3cf754e1 (webtiles) character file.

Game seed: 18357221467157101689

91 cdecastro the Chopper (level 4, 0/39 HPs)
             Began as a Hill Orc Fighter on Feb 8, 2023.
             Slain by a gnoll
             ... wielding a +0 spear
              (6 damage)
             ... on level 2 of the Dungeon on Feb 9, 2023.
             The game lasted 00:02:29 (2126 turns).

cdecastro the Chopper (Hill Orc Fighter)            Turns: 2126, Time: 00:02:30

Health: 0/39       AC:  6    Str: 20    XL:     4   Next: 59%
Magic:  4/4        EV:  9    Int:  8    God:
Gold:   63         SH:  0    Dex: 10    Spells: 3/3 levels left

rFire   . . .      SeeInvis .   a - +0 war axe
rCold   . . .      Faith    .   (no shield)
rNeg    . . .      Spirit   .   b - +0 scale mail
rPois   .          Reflect  .   (no helmet)
rElec   .          Harm     .   (no cloak)
rCorr   .          Rampage  .   (no gloves)
Will    .....                   (no boots)
Stlth   ..........              (no amulet)
HPRegen 0.13/turn               (no ring)
MPRegen 0.09/turn               (no ring)

@: no status effects
A: no striking features
a: no special abilities


You were on level 2 of the Dungeon.
You visited 1 branch of the dungeon, and saw 2 of its levels.

You collected 63 gold pieces.

Inventory:

Hand Weapons
 a - a +0 war axe (weapon)
Missiles
 k - 2 poisoned darts (quivered)
 q - 2 boomerangs
Armour
 b - a +0 scale mail (worn)
 c - a +0 buckler
Magical Staves
 g - a staff of fire
Jewellery
 i - a +4 ring of protection
 w - an amulet of faith
Scrolls
 h - a scroll of brand weapon {unknown}
 j - a scroll of immolation {unknown}
 n - 2 scrolls of teleportation {unknown}
 o - a scroll of summoning {unknown}
 p - a scroll of magic mapping {unknown}
 r - 4 scrolls of identify {unknown}
 t - a scroll of torment {unknown}
 u - a scroll of vulnerability {unknown}
Potions
 d - a potion of might
 e - 2 potions of ambrosia {unknown}
 f - a potion of cancellation {unknown}
 l - 2 potions of degeneration {unknown}
 m - a potion of magic {unknown}
 s - 2 potions of flight {unknown}
 v - a potion of mutation {unknown}


   Skills:
 - Level 3.6 Fighting
 + Level 6.2 Axes
 - Level 3.2 Armour
 - Level 3.2 Shields


You had 3 spell levels left.
You didn't know any spells.
Your spell library contained the following spells:

 Spells                   Type           Power      Damage    Failure   Level
 Sublimation of Blood     Necr           0%         N/A       88%         2
 Petrify                  Tmut/Erth      0%         N/A       100%        4
 Irradiate                Conj/Tmut      0%         3d11      100%        5


Dungeon Overview and Level Annotations

Branches:
Dungeon (2/15)

Altars:
Vehumet

Annotations:
D:2 1 runed translucent door, Crazy Yiuf


Message History

The gnoll hits you from afar with a +0 spear.
You hit the goblin.
The goblin is heavily wounded.
The goblin closely misses you. The gnoll barely misses you.
You closely miss the goblin.
The goblin is heavily wounded.
The goblin hits you with a +0 club.
* * * LOW HITPOINT WARNING * * *
The gnoll hits you from afar with a +0 spear.
* * * LOW HITPOINT WARNING * * *
You hit the goblin.
The goblin is severely wounded.
The goblin hits you but does no damage. The gnoll hits you but does no damage.
The gnoll hits you from afar with a +0 spear.
* * * LOW HITPOINT WARNING * * *
The goblin hits you with a +0 club.
* * * LOW HITPOINT WARNING * * *
You slash the goblin!
You kill the goblin!
The gnoll hits you from afar with a +0 spear.
* * * LOW HITPOINT WARNING * * *
You barely miss the frilled lizard. The frilled lizard barely misses you.
The gnoll hits you but does no damage.
You slash the frilled lizard!
You kill the frilled lizard!
The gnoll throws a throwing net.
The throwing net closely misses you. The gnoll hits you but does no damage.
Items here: ))) †††.
You barely miss the gnoll. The gnoll hits you with a +0 spear.
* * * LOW HITPOINT WARNING * * *
You slash the gnoll!
The gnoll is severely wounded.
The gnoll barely misses you.
You hit the gnoll but do no damage.
The gnoll is severely wounded.
The gnoll barely misses you. The gnoll hits you but does no damage.
You completely miss the gnoll.
The gnoll is severely wounded.
The gnoll hits you with a +0 spear.
You die...

##.# #.. #..#
#.# ##.. #..#
#.# #...#
##..# #.#
....##+##..##
#.#
#...(...##
##.#
##.....##
#..# #...###
#.## ###.#
#..## ##@##
##..# #⌠g⌠#
##.## #...##
#)†## .)...##
#
##..##..<..#
## ##..##⌠.⌠#
.# ##....####
.####...#...#
........#...#


You could see a gnoll.

Vanquished Creatures
  An adder (D:2)
  2 gnolls (D:2)
  A worm (D:2)
  2 dart slugs
  6 ball pythons
  5 endoplasms (D:1)
  3 giant cockroaches
  6 goblins
  3 hobgoblins
  4 jackals (D:1)
  6 kobolds
  2 quokkas
  4 bats
  5 frilled lizards
  3 rats
53 creatures vanquished.

Notes
Turn   | Place    | Note
-------+----------+-------------------------------------------
     0 | D:1      | cdecastro the Hill Orc Fighter began the quest for the Orb.
     0 | D:1      | Reached XP level 1. HP: 19/19 MP: 1/1
   210 | D:1      | Reached skill level 3 in Axes
   228 | D:1      | Reached XP level 2. HP: 19/26 MP: 2/2
   544 | D:1      | Reached skill level 4 in Axes
   733 | D:1      | Reached XP level 3. HP: 17/31 MP: 3/3
  1213 | D:1      | Reached skill level 5 in Axes
  1592 | D:2      | Found a radiant altar of Vehumet.
  1783 | D:2      | Found a runed translucent door.
  1784 | D:2      | Noticed Crazy Yiuf
  1888 | D:2      | Reached XP level 4. HP: 32/39 MP: 4/4
  1939 | D:2      | Found a faded altar of an unknown god.
  2106 | D:2      | Reached skill level 6 in Axes
  2126 | D:2      | Slain by a gnoll

Illustrated notes

Levels and vault maps discovered:
D:1:      beargit_arrival_greenhouse, layout_basic
D:2:      layout_rooms, basic_altar, nicolae_ecumenical_snake_handling,
          minmay_statues_item, grunt_ministairs_8, kennysheep_jessica_study,
          uniq_crazy_yiuf_cottage

Skill      XL: |  1  2  3  4 |
---------------+-------------+-----
Axes           | 3 4 5 6 |  6.2
Fighting       | |  3.6
Armour         | |  3.2
Shields        | |  3.2

Action                   |  1- 3 |  4- 6 || total
-------------------------+-------+-------++-------
Melee: War axe           |   139 |    25 ||   164
Armor: Scale mail        |    81 |    13 ||    94
Dodge: Dodged            |    62 |    18 ||    80
Block: Buckler           |     1 |       ||     1
